 Dungeon Crawl Stone Soup version 0.26.0-45-g9c1d065592 (webtiles) character file.

Game seed: 15807801412856212168

2072 0gre the Chiller (level 9, -40/65 HPs)
             Began as a Gnoll Ice Elementalist on Jan 29, 2021.
             Was a Believer of Cheibriados.
             Annihilated by a boulder beetle (55 damage)
             ... on level 6 of the Dungeon.
             The game lasted 00:41:15 (6329 turns).

0gre the Chiller (Gnoll Ice Elementalist)           Turns: 6329, Time: 00:41:16

Health: -40/65     AC: 10    Str: 16    XL:     9   Next: 26%
Magic:  27/27      EV: 16    Int: 24    God:    Cheibriados [**....]
Gold:   121        SH:  0    Dex: 19    Spells: 17/21 levels left

rFire    . . .     SeeInvis .   a - +0 war axe
rCold    + . .     Faith    .   (no shield)
rNeg     . . .     Spirit   .   B - +3 leather armour {rF+}
rPois    .         Reflect  .   w - +0 helmet
rElec    .         Harm     .   D - +2 cloak
rCorr    .         Rampage  .   (no gloves)
Will     .....                  (no boots)
Stlth    +++.......             (no amulet)
HPRegen  0.20/turn              i - ring of ice
MPRegen  0.20/turn              I - ring of magical power

@: very slow
A: distributed training, fangs 1, strong nose
a: Renounce Religion, Bend Time


You were on level 6 of the Dungeon.
You worshipped Cheibriados.
Cheibriados was pleased with you.
You visited 2 branches of the dungeon, and saw 7 of its levels.
You also visited: Sewer and Ossuary.

You collected 246 gold pieces.
You spent 125 gold pieces at shops.

Inventory:

Hand Weapons
 a - a +0 war axe (weapon)
 b - a +0 hunting sling
Missiles
 h - 106 stones
 l - 36 bolts
 o - 34 sling bullets
 q - 69 arrows
 v - 27 poisoned darts
 y - 12 boomerangs (quivered)
Armour
 w - a +0 helmet (worn)
 A - a +1 ring mail of poison resistance
 B - a +3 leather armour of fire resistance (worn)
 D - a +2 cloak (worn)
Jewellery
 d - an uncursed amulet of regeneration {unknown}
 i - a ring of ice (left hand)
 j - an uncursed amulet of guardian spirit {unknown}
 x - an uncursed ring of ice
 F - an uncursed ring of willpower
 I - a ring of magical power (right hand)
Scrolls
 e - 3 scrolls of blinking {unknown}
 g - 2 scrolls of magic mapping
 m - 3 scrolls of remove curse
 n - 10 scrolls of identify {unknown}
 p - 4 scrolls of teleportation {unknown}
 r - 3 scrolls of enchant weapon {unknown}
 E - 2 scrolls of fog {unknown}
Potions
 c - 2 potions of mutation {unknown}
 f - a potion of degeneration {unknown}
 k - 8 potions of heal wounds {unknown}
 s - 7 potions of curing
 t - 3 potions of brilliance {unknown}
 u - a potion of invisibility {unknown}
 z - 7 potions of flight {unknown}
 C - 4 potions of might {unknown}
 G - a potion of resistance {unknown}
 H - 3 potions of haste {unknown}


   Skills:
 + Level 4.0 Fighting
 + Level 4.0 Short Blades
 + Level 4.0 Long Blades
 + Level 4.0 Axes
 + Level 4.0 Maces & Flails
 + Level 4.0 Polearms
 + Level 4.0 Staves
 + Level 4.0 Slings
 + Level 4.0 Bows
 + Level 4.0 Crossbows
 + Level 4.0 Throwing
 + Level 4.0 Armour
 + Level 6.2 Dodging
 + Level 5.9 Stealth
 + Level 4.0 Shields
 + Level 4.0 Unarmed Combat
 + Level 6.5 Spellcasting
 + Level 3.3 Conjurations
 + Level 3.3 Hexes
 + Level 3.3 Summonings
 + Level 3.3 Necromancy
 + Level 3.3 Translocations
 + Level 3.3 Transmutations
 + Level 3.3 Fire Magic
 + Level 7.9 Ice Magic
 + Level 3.3 Air Magic
 + Level 3.3 Earth Magic
 + Level 3.3 Poison Magic
 + Level 4.5 Invocations
 + Level 4.0 Evocations


You had 17 spell levels left.
You knew the following spells:

 Your Spells              Type           Power        Failure   Level
a - Freeze                Ice            100%         1%          1
b - Frozen Ramparts       Ice            100%         1%          3

Your spell library contained the following spells:

 Spells                   Type           Power        Failure   Level
 Ozocubu's Armour         Ice            62%          1%          3
 Hailstorm                Conj/Ice       51%          9%          4
 Summon Ice Beast         Ice/Summ       51%          9%          4


Dungeon Overview and Level Annotations

Branches:
Dungeon (6/15)             Temple (1/1) D:5           Sewer (visited)
Ossuary (visited)

Altars:
Cheibriados
Dithmenos
Elyvilon
Fedhas
Gozag
Hepliaklqana
Kikubaaqudgha
Makhleb
Nemelex Xobeh
Qazlal
Ru
Xom
Zin

Shops:
D:4 [


Innate Abilities, Weirdness & Mutations

Your experience applies equally to all skills.
You have very sharp teeth.
Your uncanny sense of smell can sniff out nearby items.


Message History

The wall freezes the boulder beetle.
The boulder beetle bites you but does no damage.
The wall freezes the boulder beetle!
The boulder beetle bites you!
* * * LOW HITPOINT WARNING * * *
Okay, then.
Your frozen ramparts will break if you move.
Continue?
Okay, then.
Your frozen ramparts will break if you move.
Continue?
The frozen ramparts melt away as you move.
The boulder beetle bites you but does no damage.
The boulder beetle bites you.
* * * LOW HITPOINT WARNING * * *
The boulder beetle curls into a ball and begins rolling!
The jelly quivers.
The boulder beetle hits you but does no damage.
The boulder beetle stops rolling and uncurls.
The boulder beetle curls into a ball and begins rolling!
The boulder beetle hits you!!!
Ouch! That really hurt!
You die...

#### #### ..
...## ...# #.#
#..## ...# #..
#@.###...# ..
#.###B.##...##..
#.#.#○.#.......
∆ #[###°J..J.#
#.#.#.#°...##
#.###..#....#
#.. #...#°.>.#
..###.###.....#
...........####


You could see a boulder beetle and a jelly.

Vanquished Creatures
  Sigmund (D:2)
  Duvessa (D:5)
  A black bear (D:5)
  An ogre (D:4)
  2 centaurs (D:5)
  A big kobold (Sewer)
  Dowan (D:5)
  A water moccasin zombie (Ossuary)
  A scorpion (D:4)
  6 bullfrog zombies (Ossuary)
  3 vampire bats (D:2)
  A centaur zombie (Ossuary)
  An orc priest (D:4)
  Crazy Yiuf (D:2)
  An iguana (D:6)
  3 orc wizards
  3 worker ants
  2 hound zombies (Ossuary)
  A hound skeleton (D:3)
  Robin (D:3)
  11 mummies (Ossuary)
  6 worker ant zombies (Ossuary)
  4 gnolls (D:2)
  5 adders
  5 river rats (Sewer)
  A shadow imp (D:4)
  A white imp (D:5)
  An ufetubus (D:5)
  3 oozes
  5 adder zombies (Ossuary)
  2 worms
  9 leopard geckos
  12 orcs
  7 bats
  3 bat skeletons (D:2)
  3 bat zombies (D:2)
  7 giant cockroaches
  15 goblins
  14 hobgoblins
  12 jackals
  3 quokkas
  4 ball pythons (Sewer)
  9 frilled lizards
  2 giant cockroach zombies (Ossuary)
  A goblin zombie (D:6)
  A jackal zombie (Ossuary)
  23 kobolds
  A leopard gecko skeleton (D:4)
  2 leopard gecko zombies
  A quokka zombie (Ossuary)
  29 rats
  A rat zombie (D:6)
236 creatures vanquished.

Vanquished Creatures (others)
  A fungus (D:2)
  10 plants (D:5)
  3 withered plants (Ossuary)
14 creatures vanquished.

Grand Total: 250 creatures vanquished

Notes
Turn   | Place    | Note
-------+----------+-------------------------------------------
     0 | D:1      | 0gre the Gnoll Ice Elementalist began the quest for the
                  | Orb.
     0 | D:1      | Reached XP level 1. HP: 13/13 MP: 6/6
   102 | D:1      | Reached XP level 2. HP: 13/19 MP: 2/7
   643 | D:1      | Reached XP level 3. HP: 15/25 MP: 5/9
   644 | D:1      | Reached skill level 5 in Spellcasting
   695 | D:1      | Learned a level 3 spell: Frozen Ramparts
  1273 | D:2      | Reached skill level 1 in Invocations
  1354 | D:2      | Reached skill level 1 in Fighting
  1354 | D:2      | Reached skill level 1 in Short Blades
  1354 | D:2      | Reached skill level 1 in Long Blades
  1354 | D:2      | Reached skill level 1 in Axes
  1354 | D:2      | Reached skill level 1 in Maces & Flails
  1354 | D:2      | Reached skill level 1 in Polearms
  1354 | D:2      | Reached skill level 1 in Staves
  1354 | D:2      | Reached skill level 1 in Slings
  1354 | D:2      | Reached skill level 1 in Bows
  1354 | D:2      | Reached skill level 1 in Crossbows
  1354 | D:2      | Reached skill level 1 in Throwing
  1354 | D:2      | Reached skill level 1 in Armour
  1354 | D:2      | Reached skill level 1 in Shields
  1354 | D:2      | Reached skill level 1 in Unarmed Combat
  1354 | D:2      | Reached skill level 1 in Evocations
  1360 | D:2      | Reached XP level 4. HP: 32/32 MP: 8/11
  1542 | D:2      | Reached skill level 1 in Conjurations
  1542 | D:2      | Reached skill level 1 in Hexes
  1542 | D:2      | Reached skill level 1 in Summonings
  1542 | D:2      | Reached skill level 1 in Necromancy
  1542 | D:2      | Reached skill level 1 in Translocations
  1542 | D:2      | Reached skill level 1 in Transmutations
  1542 | D:2      | Reached skill level 1 in Fire Magic
  1542 | D:2      | Reached skill level 1 in Air Magic
  1542 | D:2      | Reached skill level 1 in Earth Magic
  1542 | D:2      | Reached skill level 1 in Poison Magic
  1861 | D:2      | Found a runed translucent door.
  1862 | D:2      | Noticed Crazy Yiuf
  1868 | D:2      | Killed Crazy Yiuf
  1869 | D:2      | Reached XP level 5. HP: 37/37 MP: 8/12
  2056 | D:2      | Found an ancient bone altar of Kikubaaqudgha.
  2167 | D:2      | Noticed Sigmund
  2176 | D:2      | Killed Sigmund
  2177 | D:2      | Reached skill level 5 in Dodging
  2177 | D:2      | Reached XP level 6. HP: 44/44 MP: 10/14
  2405 | D:3      | Reached XP level 7. HP: 40/50 MP: 10/15
  2422 | D:3      | Noticed Robin
  2427 | D:3      | Killed Robin
  2794 | D:3      | Found a glowing silver altar of Zin.
  2934 | D:3      | Noticed an angel
  2938 | D:3      | Found a shimmering altar of Xom.
  3408 | D:4      | Found Zumani's Antique Armour Boutique.
  3420 | D:4      | Bought a runed leather armour for 125 gold pieces
  3442 | D:4      | Reached skill level 5 in Stealth
  3584 | D:4      | Found a glowing drain.
  3588 | Sewer    | Entered a sewer
  3711 | Sewer    | Reached XP level 8. HP: 57/57 MP: 12/16
  4241 | D:4      | Found a hazy altar of Hepliaklqana.
  4466 | D:5      | Entered Level 5 of the Dungeon
  4479 | D:5      | Noticed Duvessa
  4479 | D:5      | Noticed Dowan
  4492 | D:5      | Killed Duvessa
  4500 | D:5      | Killed Dowan
  4529 | D:5      | Found a staircase to the Ecumenical Temple.
  4538 | Temple   | Entered the Ecumenical Temple
  4657 | Temple   | Became a worshipper of Cheibriados the Contemplative
  5677 | D:6      | Found a sand-covered staircase.
  5699 | Ossuary  | Entered an ossuary
  5753 | Ossuary  | Reached * piety under Cheibriados
  5769 | Ossuary  | Reached XP level 9. HP: 42/65 MP: 18/18
  6108 | Ossuary  | Reached ** piety under Cheibriados
  6307 | D:6      | Noticed a boulder beetle
  6329 | D:6      | Annihilated by a boulder beetle

Illustrated notes

Levels and vault maps discovered:
D:1:      roderic_crossed_star, layout_basic, st_stairs_11, roderic_lattice_a
D:2:      wander_river, layout_loops_ring, kennysheep_vampire_church,
          minmay_pentomino_q4, uniq_sigmund, uniq_crazy_yiuf_cottage
D:3:      layout_basic, grunt_temple_overflow_order_and_chaos_1, uniq_robin
D:4:      layout_gridville, kennysheep_mini, gup_sewer_entry_spiral,
          serial_shops, shop, grunt_decor_mini_mirrors
D:5:      minmay_chambers_of_fours, layout_rooms,
          minmay_temple_entry_glassed_door, serial_bayou_lagoon_b, uniq_duvessa
D:6:      layout_rooms, enter_ossuary_4, minmay_manual_mail
Temple:   jpeg_temple_island

Skill      XL: |  1  2  3  4  5  6  7  8  9 |
---------------+----------------------------+-----
Spellcasting   | 5 6 |  6.5
Invocations    | 1 2 3 4 |  4.5
Fighting       | 1 2 3 4 |  4.0
Short Blades   | 1 2 3 4 |  4.0
Long Blades    | 1 2 3 4 |  4.0
Axes           | 1 2 3 4 |  4.0
Maces & Flails | 1 2 3 4 |  4.0
Polearms       | 1 2 3 4 |  4.0
Staves         | 1 2 3 4 |  4.0
Slings         | 1 2 3 4 |  4.0
Bows           | 1 2 3 4 |  4.0
Crossbows      | 1 2 3 4 |  4.0
Throwing       | 1 2 3 4 |  4.0
Armour         | 1 2 3 4 |  4.0
Shields        | 1 2 3 4 |  4.0
Unarmed Combat | 1 2 3 4 |  4.0
Evocations     | 1 2 3 4 |  4.0
Conjurations   | 1 2 3 |  3.3
Hexes          | 1 2 3 |  3.3
Summonings     | 1 2 3 |  3.3
Necromancy     | 1 2 3 |  3.3
Translocations | 1 2 3 |  3.3
Transmutations | 1 2 3 |  3.3
Fire Magic     | 1 2 3 |  3.3
Air Magic      | 1 2 3 |  3.3
Earth Magic    | 1 2 3 |  3.3
Poison Magic   | 1 2 3 |  3.3
Dodging        | 5 6 |  6.2
Stealth        | 5 |  5.9
Ice Magic      | |  7.9

Action                   |  1- 3 |  4- 6 |  7- 9 || total
-------------------------+-------+-------+-------++-------
Melee: Unarmed           |     2 |       |       ||     2
       Bite              |     4 |     4 |    46 ||    54
       Whip              |    23 |    12 |       ||    35
       Club              |     2 |       |       ||     2
       Spear             |       |     8 |       ||     8
       Mace              |       |    29 |    17 ||    46
       War axe           |       |       |   282 ||   282
       Punch             |       |       |     6 ||     6
 Fire: Hunting sling     |       |     7 |    37 ||    44
Throw: Stone             |       |     3 |     2 ||     5
       Boomerang         |       |       |    45 ||    45
 Cast: Freeze            |    23 |     2 |    16 ||    41
       Frozen Ramparts   |     3 |     9 |    27 ||    39
Invok: Bend Time         |       |       |     1 ||     1
  Use: Scroll            |       |       |     2 ||     2
       Potion            |       |       |     1 ||     1
 Stab: Sleeping          |     4 |     1 |     7 ||    12
       Distracted        |       |       |     2 ||     2
Armor: Robe              |     5 |    22 |     8 ||    35
       Leather armour    |       |       |   100 ||   100
Dodge: Dodged            |    23 |    75 |   274 ||   372
